[ AOE2 MATCH · #504748977 ]
UnrankedVikings vs Portuguese
Player's team · WIN
Rival team · LOSS
[ REPLAY ANALYSIS · EXTRACTED FROM THE RECORDED GAME ]
Feudal
8:58
Castle
19:21
Imperial
33:20
| APM avg | 45.3 |
| APM peak | 102 |
| eAPM avg | 25.7 |
| Villagers / military | 147 / 68 |
Focus
⚔️ 33.7% · 🌾 66.3%
Archer ×52 · Militia ×5 · Monk ×4 · Mangonel ×3 · Trebuchet (Packed) ×3 · Spearman ×1
Feudal
10:27
Castle
14:50
Imperial
38:29
| APM avg | 72.3 |
| APM peak | 124 |
| eAPM avg | 44.1 |
| Villagers / military | 124 / 58 |
Focus
⚔️ 56.3% · 🌾 43.7%
Monk ×23 · Skirmisher ×18 · Organ Gun ×12 · Battering Ram ×3 · Mangonel ×1 · Trebuchet (Packed) ×1
Match map
Initial resources + every placement click. Lines = walls · curves = elevation contours. ◆ gold · ⬟ stone · ● berries · ✦ relic · ◌ wall gap
Your base· Open — unwalled flank
Jonah_'s base· Open — 3t gap
Smoothed initial terrain · ◌ = detected wall gap · hover for details
Inputs per minute
— SY_Msfu - - Jonah_
Build order — SY_Msfu
First 150 of 395 actions detected
| 0:00 | Create | Villager (Male) |
| 0:01 | Create | Villager (Male) |
| 0:02 | Build | House |
| 0:02 | Build | House |
| 0:07 | Create | Villager (Male) |
| 0:08 | Create | Villager (Male) |
| 1:24 | Create | Villager (Male) |
| 1:24 | Create | Villager (Male) |
| 1:44 | Build | Lumber Camp |
| 2:04 | Create | Villager (Male) |
| 2:20 | Create | Villager (Male) |
| 2:51 | Create | Villager (Male) |
| 2:51 | Create | Villager (Male) |
| 3:07 | Create | Villager (Male) |
| 3:33 | Build | House |
| 3:39 | Create | Villager (Male) |
| 3:40 | Create | Villager (Male) |
| 4:10 | Create | Villager (Male) |
| 4:14 | Create | Villager (Male) |
| 4:15 | Create | Villager (Male) |
| 4:40 | Create | Villager (Male) |
| 5:04 | Build | Barracks |
| 5:12 | Create | Villager (Male) |
| 5:12 | Create | Villager (Male) |
| 5:47 | Build | House |
| 6:14 | Research | Loom |
| 6:48 | Research | Feudal Age |
| 6:48 | Research | Feudal Age |
| 7:05 | Build | Mining Camp |
| 7:09 | Create | Militia |
| 7:32 | Create | Militia |
| 7:53 | Create | Militia |
| 8:18 | Build | Mill |
| 8:37 | Create | Villager (Male) |
| 8:47 | Build | House |
| 8:52 | Create | Villager (Male) |
| 8:58 | Age | Feudal Age |
| 9:04 | Research | Man-at-Arms (upgrade) |
| 9:04 | Research | Man-at-Arms (upgrade) |
| 9:39 | Create | Villager (Male) |
| 9:51 | Build | Farm |
| 9:55 | Create | Villager (Male) |
| 9:59 | Create | Villager (Male) |
| 10:02 | Build | Farm |
| 10:02 | Build | Farm |
| 10:12 | Create | Villager (Male) |
| 10:15 | Build | Farm |
| 10:44 | Create | Villager (Male) |
| 10:55 | Build | Farm |
| 11:14 | Research | Double-Bit Axe |
| 11:15 | Research | Double-Bit Axe |
| 11:29 | Create | Villager (Male) |
| 11:38 | Build | House |
| 11:41 | Build | Farm |
| 11:46 | Build | Farm |
| 11:56 | Build | Palisade Wall |
| 12:08 | Create | Villager (Male) |
| 12:19 | Build | Mill |
| 12:31 | Create | Villager (Male) |
| 12:39 | Create | Villager (Male) |
| 13:08 | Create | Villager (Male) |
| 13:30 | Build | Farm |
| 13:39 | Create | Villager (Male) |
| 13:52 | Build | Farm |
| 14:01 | Build | Market |
| 14:16 | Create | Villager (Male) |
| 14:27 | Build | Farm |
| 14:42 | Create | Villager (Male) |
| 15:04 | Create | Villager (Male) |
| 15:12 | Research | Town Watch |
| 15:17 | Build | House |
| 15:35 | Create | Villager (Male) |
| 16:14 | Create | Villager (Male) |
| 16:16 | Build | Blacksmith |
| 16:41 | Research | Castle Age |
| 17:13 | Create | Spearman |
| 17:16 | Create | Militia |
| 17:39 | Research | Gold Mining |
| 18:36 | Create | Militia |
| 19:18 | Create | Villager (Male) |
| 19:21 | Age | Castle Age |
| 19:28 | Build | Siege Workshop |
| 19:33 | Build | Town Center |
| 19:39 | Research | Bow Saw |
| 19:40 | Create | Villager (Male) |
| 19:46 | Build | House |
| 19:54 | Build | House |
| 19:58 | Build | Palisade Wall |
| 20:01 | Create | Mangonel |
| 20:01 | Create | Villager (Male) |
| 20:18 | Build | House |
| 20:24 | Create | Villager (Male) |
| 20:32 | Create | Villager (Male) |
| 20:41 | Create | Villager (Male) |
| 20:45 | Build | Farm |
| 20:45 | Build | Farm |
| 20:48 | Create | Villager (Male) |
| 20:56 | Create | Villager (Male) |
| 21:11 | Create | Villager (Male) |
| 21:14 | Create | Villager (Male) |
| 21:17 | Create | Villager (Male) |
| 21:19 | Create | Mangonel |
| 21:20 | Create | Villager (Male) |
| 21:45 | Create | Villager (Male) |
| 22:01 | Build | Town Center |
| 22:26 | Build | Monastery |
| 22:28 | Create | Villager (Male) |
| 22:32 | Research | Horse Collar |
| 22:34 | Research | Gold Shaft Mining |
| 22:34 | Research | Gold Shaft Mining |
| 22:42 | Create | Villager (Male) |
| 22:57 | Create | Mangonel |
| 22:57 | Create | Villager (Male) |
| 23:02 | Create | Villager (Male) |
| 23:04 | Create | Villager (Male) |
| 23:17 | Build | Farm |
| 23:23 | Create | Villager (Male) |
| 23:25 | Build | Farm |
| 23:26 | Create | Villager (Male) |
| 23:35 | Build | Farm |
| 23:35 | Build | Farm |
| 23:35 | Build | Farm |
| 23:35 | Build | Farm |
| 23:36 | Build | Farm |
| 23:36 | Build | Farm |
| 23:36 | Build | Farm |
| 23:36 | Build | Farm |
| 23:40 | Create | Villager (Male) |
| 23:43 | Create | Villager (Male) |
| 23:46 | Create | Monk |
| 23:47 | Create | Villager (Male) |
| 24:01 | Create | Villager (Male) |
| 24:12 | Build | House |
| 24:25 | Create | Monk |
| 24:25 | Create | Monk |
| 24:29 | Build | Farm |
| 24:32 | Build | Lumber Camp |
| 24:32 | Create | Villager (Male) |
| 24:39 | Create | Villager (Male) |
| 24:49 | Create | Villager (Male) |
| 24:54 | Build | Farm |
| 25:01 | Build | Town Center |
| 25:04 | Build | Farm |
| 25:04 | Create | Villager (Male) |
| 25:10 | Build | Farm |
| 25:20 | Build | House |
| 25:20 | Create | Villager (Male) |
| 25:22 | Create | Villager (Male) |
| 25:25 | Build | Mining Camp |
| 25:28 | Create | Villager (Male) |
Build order — Jonah_
First 150 of 363 actions detected
| 0:02 | Create | Villager (Male) |
| 0:03 | Build | House |
| 0:04 | Build | House |
| 0:11 | Create | Villager (Male) |
| 0:15 | Create | Villager (Male) |
| 0:18 | Create | Villager (Male) |
| 1:20 | Create | Villager (Male) |
| 1:46 | Build | Lumber Camp |
| 1:59 | Create | Villager (Male) |
| 2:19 | Create | Villager (Male) |
| 2:33 | Create | Villager (Male) |
| 3:02 | Create | Villager (Male) |
| 3:02 | Create | Villager (Male) |
| 3:25 | Create | Villager (Male) |
| 3:52 | Build | House |
| 3:56 | Create | Villager (Male) |
| 4:11 | Create | Villager (Male) |
| 4:27 | Build | Mill |
| 4:32 | Create | Villager (Male) |
| 5:10 | Create | Villager (Male) |
| 5:10 | Create | Villager (Male) |
| 5:20 | Create | Villager (Male) |
| 5:42 | Create | Villager (Male) |
| 5:50 | Build | Mill |
| 6:05 | Research | Loom |
| 6:18 | Build | House |
| 6:22 | Create | Villager (Male) |
| 6:22 | Research | Loom |
| 6:25 | Create | Villager (Male) |
| 6:26 | Research | Loom |
| 6:56 | Build | Palisade Wall |
| 7:09 | Create | Villager (Male) |
| 7:10 | Research | Loom |
| 7:54 | Build | Mining Camp |
| 8:00 | Build | Palisade Wall |
| 8:02 | Research | Feudal Age |
| 8:23 | Build | Palisade Gate |
| 8:55 | Build | Palisade Wall |
| 8:55 | Build | Palisade Wall |
| 8:56 | Build | Palisade Wall |
| 8:57 | Build | Palisade Wall |
| 8:57 | Build | Palisade Wall |
| 9:00 | Build | Palisade Wall |
| 9:00 | Build | Palisade Wall |
| 9:01 | Build | Palisade Wall |
| 9:27 | Build | Palisade Wall |
| 9:27 | Build | Palisade Wall |
| 9:31 | Build | Palisade Wall |
| 9:33 | Build | House |
| 9:53 | Build | Palisade Wall |
| 10:13 | Build | Palisade Wall |
| 10:16 | Build | Palisade Wall |
| 10:27 | Age | Feudal Age |
| 10:33 | Build | Blacksmith |
| 10:44 | Build | Market |
| 10:47 | Build | Palisade Wall |
| 10:48 | Build | Palisade Wall |
| 10:49 | Build | Palisade Wall |
| 10:50 | Build | Palisade Wall |
| 10:50 | Build | Palisade Wall |
| 10:52 | Build | Palisade Wall |
| 10:56 | Create | Villager (Male) |
| 12:10 | Research | Castle Age |
| 12:11 | Research | Castle Age |
| 12:23 | Build | House |
| 12:27 | Build | Gate |
| 12:30 | Build | House |
| 12:35 | Build | House |
| 12:37 | Build | House |
| 12:40 | Build | House |
| 12:41 | Build | House |
| 12:45 | Build | Stone Wall |
| 12:46 | Build | Stone Wall |
| 12:47 | Build | Stone Wall |
| 12:48 | Build | Stone Wall |
| 12:54 | Build | Stone Wall |
| 12:59 | Build | Stone Wall |
| 13:00 | Build | Stone Wall |
| 13:02 | Build | Stone Wall |
| 13:09 | Build | Stone Wall |
| 13:25 | Build | House |
| 13:27 | Build | House |
| 13:29 | Build | Stone Wall |
| 14:00 | Build | Gate |
| 14:01 | Build | Gate |
| 14:04 | Build | Stone Wall |
| 14:17 | Research | Double-Bit Axe |
| 14:38 | Research | Stone Mining |
| 14:39 | Create | Villager (Male) |
| 14:50 | Age | Castle Age |
| 14:57 | Create | Villager (Male) |
| 14:59 | Build | Farm |
| 15:01 | Build | Farm |
| 15:03 | Create | Villager (Male) |
| 15:04 | Build | Farm |
| 15:06 | Build | Farm |
| 15:54 | Build | Palisade Wall |
| 16:01 | Build | Mining Camp |
| 16:02 | Create | Villager (Male) |
| 16:09 | Build | Palisade Wall |
| 16:13 | Build | Palisade Wall |
| 16:14 | Create | Villager (Male) |
| 16:34 | Create | Villager (Male) |
| 17:06 | Create | Villager (Male) |
| 17:13 | Build | Castle |
| 17:18 | Build | Stone Wall |
| 17:19 | Build | Stone Wall |
| 17:22 | Build | Palisade Wall |
| 17:27 | Build | Palisade Wall |
| 17:28 | Build | House |
| 17:43 | Create | Villager (Male) |
| 17:43 | Create | Villager (Male) |
| 18:02 | Build | Stone Wall |
| 18:03 | Build | Stone Wall |
| 18:13 | Build | Farm |
| 18:16 | Create | Organ Gun |
| 18:18 | Build | Farm |
| 18:18 | Create | Villager (Male) |
| 18:27 | Build | Outpost |
| 18:30 | Build | Outpost |
| 18:41 | Create | Organ Gun |
| 18:52 | Create | Organ Gun |
| 18:55 | Build | Outpost |
| 18:56 | Create | Villager (Male) |
| 19:04 | Build | Stone Wall |
| 19:09 | Build | Palisade Wall |
| 19:23 | Create | Villager (Male) |
| 19:23 | Create | Villager (Male) |
| 19:28 | Create | Organ Gun |
| 19:36 | Build | Outpost |
| 19:42 | Build | Outpost |
| 19:51 | Create | Villager (Male) |
| 19:51 | Create | Villager (Male) |
| 20:05 | Build | Outpost |
| 20:11 | Create | Organ Gun |
| 20:11 | Create | Organ Gun |
| 20:11 | Create | Organ Gun |
| 20:20 | Create | Villager (Male) |
| 20:24 | Build | Stone Wall |
| 20:38 | Create | Organ Gun |
| 20:51 | Build | Outpost |
| 20:56 | Build | Farm |
| 20:57 | Create | Villager (Male) |
| 20:57 | Create | Villager (Male) |
| 21:20 | Build | Monastery |
| 21:29 | Build | Outpost |
| 21:35 | Research | Town Watch |
| 21:35 | Create | Villager (Male) |
| 21:36 | Create | Organ Gun |
| 21:43 | Build | Outpost |
Match timeline
| 5:04 | SY_Msfu · first_building Barracks |
| 6:56 | Jonah_ · wall_segment Palisade Wall x11 |
| 8:00 | Jonah_ · wall_segment Palisade Wall x7 |
| 8:55 | Jonah_ · wall_segment Palisade Wall x1 |
| 8:55 | Jonah_ · wall_segment Palisade Wall x1 |
| 8:56 | Jonah_ · wall_segment Palisade Wall x1 |
| 8:57 | Jonah_ · wall_segment Palisade Wall x1 |
| 8:57 | Jonah_ · wall_segment Palisade Wall x1 |
| 8:58 | SY_Msfu · age_up feudal |
| 9:00 | Jonah_ · wall_segment Palisade Wall x1 |
| 9:00 | Jonah_ · wall_segment Palisade Wall x3 |
| 9:01 | Jonah_ · wall_segment Palisade Wall x1 |
| 9:27 | Jonah_ · wall_segment Palisade Wall x1 |
| 9:27 | Jonah_ · wall_segment Palisade Wall x1 |
| 9:31 | Jonah_ · wall_segment Palisade Wall x1 |
| 9:53 | Jonah_ · wall_segment Palisade Wall x1 |
| 10:13 | Jonah_ · wall_segment Palisade Wall x1 |
| 10:16 | Jonah_ · wall_segment Palisade Wall x1 |
| 10:27 | Jonah_ · age_up feudal |
| 10:47 | Jonah_ · wall_segment Palisade Wall x1 |
| 10:48 | Jonah_ · wall_segment Palisade Wall x1 |
| 10:49 | Jonah_ · wall_segment Palisade Wall x1 |
| 10:50 | Jonah_ · wall_segment Palisade Wall x1 |
| 10:50 | Jonah_ · wall_segment Palisade Wall x1 |
| 10:52 | Jonah_ · wall_segment Palisade Wall x1 |
| 11:43 | Jonah_ · first_market_sell 100 stone |
| 11:56 | SY_Msfu · wall_segment Palisade Wall x7 |
| 12:07 | Jonah_ · first_market_buy 100 food |
| 12:45 | Jonah_ · wall_segment Stone Wall x1 |
| 12:46 | Jonah_ · wall_segment Stone Wall x1 |
| 12:47 | Jonah_ · wall_segment Stone Wall x1 |
| 12:48 | Jonah_ · wall_segment Stone Wall x1 |
| 12:54 | Jonah_ · wall_segment Stone Wall x1 |
| 12:59 | Jonah_ · wall_segment Stone Wall x1 |
| 13:00 | Jonah_ · wall_segment Stone Wall x1 |
| 13:02 | Jonah_ · wall_segment Stone Wall x1 |
| 13:09 | Jonah_ · wall_segment Stone Wall x1 |
| 13:29 | Jonah_ · wall_segment Stone Wall x1 |
| 14:04 | Jonah_ · wall_segment Stone Wall x1 |
| 14:50 | Jonah_ · age_up castle |
| 15:39 | SY_Msfu · first_market_buy 100 food |
| 15:54 | Jonah_ · wall_segment Palisade Wall x1 |
| 16:06 | SY_Msfu · first_market_sell 100 wood |
| 16:09 | Jonah_ · wall_segment Palisade Wall x1 |
| 16:13 | Jonah_ · wall_segment Palisade Wall x1 |
| 17:13 | Jonah_ · first_building Castle |
| 17:18 | Jonah_ · wall_segment Stone Wall x1 |
| 17:19 | Jonah_ · wall_segment Stone Wall x1 |
| 17:22 | Jonah_ · wall_segment Palisade Wall x1 |
| 17:27 | Jonah_ · wall_segment Palisade Wall x1 |
| 18:02 | Jonah_ · wall_segment Stone Wall x1 |
| 18:03 | Jonah_ · wall_segment Stone Wall x1 |
| 19:04 | Jonah_ · wall_segment Stone Wall x1 |
| 19:09 | Jonah_ · wall_segment Palisade Wall x1 |
| 19:21 | SY_Msfu · age_up castle |
| 19:28 | SY_Msfu · first_building Siege Workshop |
| 19:58 | SY_Msfu · wall_segment Palisade Wall x1 |
| 20:24 | Jonah_ · wall_segment Stone Wall x1 |
| 21:20 | Jonah_ · first_building Monastery |
| 22:26 | SY_Msfu · first_building Monastery |
| 29:22 | Jonah_ · wall_segment Palisade Wall x1 |
| 30:39 | Jonah_ · first_building Siege Workshop |
| 31:36 | SY_Msfu · first_building Archery Range |
| 33:18 | SY_Msfu · first_building Castle |
| 33:20 | SY_Msfu · age_up imperial |
| 35:48 | Jonah_ · first_building Barracks |
| 36:18 | Jonah_ · first_building Archery Range |
| 36:26 | Jonah_ · wall_segment Stone Wall x1 |
| 38:13 | Jonah_ · wall_segment Stone Wall x25 |
| 38:29 | Jonah_ · age_up imperial |
| 39:35 | Jonah_ · resign |
[ AI ANALYSIS · 1 CREDIT ]
What really happened in this match?
Wolo.gg analyzes every decision: build order, eco, micro, common mistakes by bracket. Personalized analysis on WhatsApp or Discord in 30 seconds.
Civ guide
Vikings
Perfil
SY_Msfu